[Event "Titled Tuesday Blitz January 18 2022"]
[White "Jary, Sergey"]
[Black "Chigaev, Maksim"]
[WhiteFideId "14110350"]
[BlackFideId "4108116"]
[WhiteElo "2260"]
[BlackElo "2502"]
[Result "0-1"]
[Round "10"]
[TimeControl "180+1"]
[Date "2022.01.18"]
[WhiteClock "0:01:33"]
[BlackClock "0:01:46"]

1. e4 e6 2. d4 d5 3. Nd2 c5 4. Ngf3 cxd4 5. Nxd4 Nc6 6. N4f3 Nf6 7. exd5 Nxd5 8. Nb3 Be7 9. Bd3 Ndb4 10. Bb5 Qxd1+ 11. Kxd1 a6 12. Be2 e5 13. c3 Nd5 14. Kc2 Bf5+ 15. Bd3 Ncb4+ 16. cxb4 Nxb4+ 17. Kd1 Nxd3 18. Ke2 O-O-O 19. Be3 f6 20. Bb6 Nf4+ 21. Kf1 Bd3+ 22. Ke1 Nxg2+ 23. Kd2 Bb4+ 24. Kc1 Rd6 25. Bc5 Rc6 26. Rd1 Be2 27. a3 Bxc5 0-1


[Site "https://www.chess.com"]

[Event "Titled Tuesday Blitz January 18 2022"]
[White "Jocev, Milan"]
[Black "Lorparizangeneh, Shahin"]
[WhiteFideId "900680"]
[BlackFideId "12521604"]
[WhiteElo "2322"]
[BlackElo "2525"]
[Result "1-0"]
[Round "10"]
[TimeControl "180+1"]
[Date "2022.01.18"]
[WhiteClock "0:01:06"]
[BlackClock "0:00:54"]

1. Nf3 d5 2. d4 Nf6 3. Bf4 Bf5 4. e3 e6 5. Nbd2 Bd6 6. Bg3 Ne4 7. Nxe4 dxe4 8. Nd2 Nd7 9. Nc4 Bxg3 10. hxg3 Qf6 11. Qd2 O-O-O 12. O-O-O e5 13. d5 Nb6 14. Nxb6+ Qxb6 15. c4 c6 16. Qc3 f6 17. c5 Qc7 18. d6 Qf7 19. Bc4 Be6 20. Bxe6+ Qxe6 21. Qa5 Kb8 22. Rxh7 Qf7 23. Rxh8 Rxh8 24. d7 1-0


[Site "https://www.chess.com"]

[Event "Titled Tuesday Blitz January 18 2022"]
[White "Kadam, Om Manish"]
[Black "Savchenko, Boris"]
[WhiteFideId "45076294"]
[BlackFideId "4147332"]
[WhiteElo "1729"]
[BlackElo "2512"]
[Result "1-0"]
[Round "10"]
[TimeControl "180+1"]
[Date "2022.01.18"]
[WhiteClock "0:00:19"]
[BlackClock "0:00:04"]

1. e4 c5 2. Nf3 d6 3. d4 cxd4 4. Nxd4 Nf6 5. Nc3 a6 6. g3 e5 7. Nde2 b5 8. Bg2 Be7 9. a4 b4 10. Nd5 Nxd5 11. exd5 a5 12. O-O O-O 13. f4 Nd7 14. fxe5 Nxe5 15. Nd4 Bg5 16. Bxg5 Qxg5 17. Nc6 Bg4 18. Qd4 h5 19. Rae1 f6 20. Nxe5 fxe5 21. Qb6 Qd8 22. Rxf8+ Kxf8 23. Qf2+ Qf6 24. Qe3 Kg8 25. Rf1 Qe7 26. h3 Bd7 27. Rf2 Bxa4 28. Be4 Be8 29. Bd3 a4 30. Qe4 g6 31. Qxb4 Kg7 32. Kh2 Bf7 33. Be4 Qc7 34. c3 Ra6 35. Bd3 Qb6 36. Rxf7+ Kxf7 37. Qe4 Qf2+ 38. Kh1 Rb6 39. Qxg6+ Ke7 40. Qg7+ Kd8 41. Qg5+ Kc8 42. Bf5+ Kb7 43. Qe7+ Ka6 44. Bd3+ Rb5 45. Qxd6+ Ka5 46. Bxb5 Qf3+ 47. Kg1 Qxg3+ 48. Kf1 Qxh3+ 49. Ke1 Qh4+ 50. Kd1 Kxb5 51. Qc6+ Ka5 52. d6 Qg4+ 53. Kc2 Qg6+ 54. Kd2 Qg5+ 55. Kd3 Qg6+ 56. Kc4 Qg4+ 57. Kc5 Qg1+ 58. Kc4 Qg2 59. Qxg2 1-0


[Site "https://www.chess.com"]

[Event "Titled Tuesday Blitz January 18 2022"]
[White "Kalogridis, Antonios"]
[Black "Manukyan, Artyom"]
[WhiteFideId "25833901"]
[BlackFideId "13305786"]
[WhiteElo "1495"]
[BlackElo "2034"]
[Result "1-0"]
[Round "10"]
[TimeControl "180+1"]
[Date "2022.01.18"]
[WhiteClock "0:01:35"]
[BlackClock "0:00:58"]

1. d4 d5 2. c4 e6 3. Nc3 Nf6 4. cxd5 exd5 5. Bg5 c6 6. e3 Qb6 7. Qc2 Ne4 8. Nxe4 dxe4 9. Qxe4+ Be6 10. O-O-O Qa5 11. Nf3 Qxa2 12. Qb1 Qxb1+ 13. Kxb1 h6 14. Bf4 Be7 15. e4 Nd7 16. d5 cxd5 17. exd5 Bf5+ 18. Bd3 Bxd3+ 19. Rxd3 O-O 20. Rc1 Nc5 21. Re3 Rfe8 22. d6 g5 23. Bg3 Ne6 24. dxe7 Rxe7 25. Nd4 Rd8 26. Nxe6 fxe6 27. Rc7 Rxc7 28. Bxc7 Rd7 29. Bg3 Kf7 30. Kc2 b6 31. Rd3 Rb7 32. Rc3 Kf6 33. Rc7 Rb8 34. Rxa7 Rc8+ 35. Rc7 e5 36. Rxc8 1-0


[Site "https://www.chess.com"]

[Event "Titled Tuesday Blitz January 18 2022"]
[White "Kamsky, Gata"]
[Black "Tregubov, Pavel V."]
[WhiteFideId "2000024"]
[BlackFideId "4115341"]
[WhiteElo "2645"]
[BlackElo "2341"]
[Result "1/2-1/2"]
[Round "10"]
[TimeControl "180+1"]
[Date "2022.01.18"]
[WhiteClock "0:01:54"]
[BlackClock "0:02:08"]

1. d4 Nf6 2. Nf3 e6 3. Bf4 g6 4. c3 Bg7 5. h3 O-O 6. Nbd2 d5 7. e3 b6 8. a4 c5 9. a5 Nc6 10. axb6 Qxb6 11. Ra2 a5 12. Be2 Ba6 13. O-O Nd7 14. Bxa6 Rxa6 15. Qe2 e5 16. dxe5 Ndxe5 17. Nxe5 Nxe5 18. Bxe5 Bxe5 19. Nf3 Bf6 20. Rd1 Rd8 21. Ne1 Ra7 22. Nd3 d4 23. cxd4 cxd4 24. e4 Bg5 25. Rda1 1/2-1/2


[Site "https://www.chess.com"]

[Event "Titled Tuesday Blitz January 18 2022"]
[White "Karabalis, Harilos"]
[Black "Gracia Alvarez, Gerardo Antonio"]
[WhiteFideId "4621808"]
[BlackFideId "5109124"]
[WhiteElo "2168"]
[BlackElo "2139"]
[Result "0-1"]
[Round "10"]
[TimeControl "180+1"]
[Date "2022.01.18"]
[WhiteClock "0:00:15"]
[BlackClock "0:00:47"]

1. e4 c5 2. a3 g6 3. h4 h5 4. Nc3 Bg7 5. Bc4 e6 6. d3 Ne7 7. Ba2 Nbc6 8. Nf3 d5 9. exd5 exd5 10. Ng5 O-O 11. O-O b6 12. Re1 Bb7 13. Bf4 Nd4 14. Qd2 Re8 15. Rad1 Qd7 16. Ne2 Nxe2+ 17. Rxe2 Nf5 18. Rde1 Rxe2 19. Rxe2 Re8 20. c3 Nxh4 21. Qe1 Rxe2 22. Qxe2 Nf5 23. Kf1 Qe7 24. Qf3 Qd7 25. Qe2 Bf6 26. g3 Kg7 27. f3 Qe7 28. Qxe7 Bxe7 29. Kf2 Bd6 30. Bxd6 Nxd6 31. Nh3 Ne8 32. Nf4 Nc7 33. d4 Kf6 34. Nd3 cxd4 35. cxd4 Ke6 36. Ke3 Kd6 37. Bb3 Ne6 38. f4 Ng7 39. Ne5 Nf5+ 40. Kf2 Nxd4 41. Bd1 Ke7 0-1


[Site "https://www.chess.com"]

[Event "Titled Tuesday Blitz January 18 2022"]
[White "Kashefi, Amir Hosein"]
[Black "Vlassov, Nikolai"]
[WhiteFideId "12557935"]
[BlackFideId "4103360"]
[WhiteElo "2098"]
[BlackElo "2407"]
[Result "1/2-1/2"]
[Round "10"]
[TimeControl "180+1"]
[Date "2022.01.18"]
[WhiteClock "0:00:02"]
[BlackClock "0:00:06"]

1. d4 Nf6 2. Nf3 e6 3. Bg5 h6 4. Bxf6 Qxf6 5. e3 g5 6. c3 g4 7. Ne5 h5 8. h3 g3 9. f4 Nc6 10. Bd3 d6 11. Nxc6 bxc6 12. Qf3 d5 13. Qxg3 c5 14. Qf2 Bd7 15. Nd2 Rb8 16. Nf3 cxd4 17. Nxd4 c5 18. Nf3 c4 19. Bb1 Bc5 20. Nd4 Qg7 21. O-O f6 22. b4 cxb3 23. axb3 Rg8 24. Kh1 Qg3 25. b4 Qxf2 26. Rxf2 Bb6 27. Ba2 Ke7 28. Bb3 Rbc8 29. Rc2 Rg3 30. Re1 e5 31. fxe5 fxe5 32. Nf3 e4 33. Nd4 Bxd4 34. cxd4 Rxc2 35. Bxc2 Kd6 36. Bb3 h4 37. Re2 Bb5 38. Re1 Bc4 39. Bd1 Kc6 40. Ba4+ Kb6 41. Kg1 Bb5 42. Bb3 Bc4 43. Ba4 Bb5 44. Bd1 Bc4 45. Ba4 1/2-1/2


[Site "https://www.chess.com"]

[Event "Titled Tuesday Blitz January 18 2022"]
[White "Khumalo, Keith"]
[Black "Perez Gormaz, Matias"]
[WhiteFideId "14319470"]
[BlackFideId "3406342"]
[WhiteElo "1992"]
[BlackElo "2352"]
[Result "0-1"]
[Round "10"]
[TimeControl "180+1"]
[Date "2022.01.18"]
[WhiteClock "0:00:51"]
[BlackClock "0:00:18"]

1. d4 d5 2. c4 e6 3. Nf3 a6 4. g3 dxc4 5. Bg2 b5 6. Ne5 Ra7 7. O-O Bb7 8. e4 Nd7 9. Ng4 h5 10. Ne3 h4 11. a4 hxg3 12. fxg3 Ra8 13. Nc3 b4 14. Ne2 Ngf6 15. d5 Bc5 16. dxe6 fxe6 17. Nd4 Qe7 18. Kh1 Ne5 19. Nf3 Rd8 20. Qe2 Nxe4 21. Kg1 Nd3 22. Nh4 Qg5 23. Rf3 Nxc1 24. Rxc1 Rd2 25. Qe1 Rxh4 26. Rxc4 Nxg3 27. Rxh4 Bxf3 28. hxg3 Qxe3+ 29. Qxe3 Bxe3+ 30. Kf1 Bxg2+ 31. Ke1 Rxb2 32. Rh8+ Ke7 33. Rc8 Bf3 0-1


[Site "https://www.chess.com"]

[Event "Titled Tuesday Blitz January 18 2022"]
[White "Kim, Sergey"]
[Black "Maksimovic, Bojan"]
[WhiteFideId "13700570"]
[BlackFideId "14408120"]
[WhiteElo "2589"]
[BlackElo "2450"]
[Result "0-1"]
[Round "10"]
[TimeControl "180+1"]
[Date "2022.01.18"]
[WhiteClock "0:00:12"]
[BlackClock "0:00:10"]

1. d4 Nf6 2. c4 g6 3. Nc3 d5 4. cxd5 Nxd5 5. e4 Nxc3 6. bxc3 Bg7 7. Bc4 O-O 8. Ne2 c5 9. O-O Nc6 10. Be3 e6 11. Qd2 Qc7 12. Rac1 Rd8 13. Bh6 e5 14. Bxg7 Kxg7 15. Bd5 Ne7 16. dxe5 Nxd5 17. exd5 Qxe5 18. c4 b6 19. Rfe1 Ba6 20. Nf4 Qf6 21. g3 Rac8 22. Re3 Re8 23. h4 h5 24. Rcc3 Rxe3 25. Qxe3 Qd4 26. Qc1 Re8 27. Rd3 Qxc4 28. Qb2+ Kg8 29. d6 Bb7 30. Qd2 Qxa2 31. Qd1 Qb2 32. d7 Rd8 33. Re3 Rxd7 34. Re8+ Kh7 35. Qe1 Qd4 36. Nxg6 fxg6 37. Re7+ Rxe7 38. Qxe7+ Qg7 0-1


[Site "https://www.chess.com"]

[Event "Titled Tuesday Blitz January 18 2022"]
[White "Kislov, Oleg"]
[Black "Chizhikov, Vladislav"]
[WhiteFideId "13503774"]
[BlackFideId "4178157"]
[WhiteElo "2252"]
[BlackElo "2120"]
[Result "0-1"]
[Round "10"]
[TimeControl "180+1"]
[Date "2022.01.18"]
[WhiteClock "0:00:01"]
[BlackClock "0:00:29"]

1. e4 e6 2. d4 d5 3. Nc3 Bb4 4. exd5 exd5 5. Bd3 Ne7 6. Ne2 c6 7. O-O Bf5 8. Bg5 Bxd3 9. Qxd3 O-O 10. Ng3 Qc7 11. Rae1 Re8 12. Nf5 Na6 13. a3 Nxf5 14. Qxf5 Bd6 15. h4 Bf8 16. b4 Qd6 17. Bf4 Qg6 18. Qxg6 fxg6 19. f3 Kf7 20. Kf2 Be7 21. g3 Bf6 22. Ne2 Rac8 23. c3 Nc7 24. Bxc7 Rxc7 25. Nc1 Rxe1 26. Rxe1 h5 27. Nd3 b6 28. Ne5+ Bxe5 29. Rxe5 b5 30. f4 a5 31. Kf3 axb4 32. axb4 Ra7 33. Ke3 Ra2 34. Kd3 Rg2 35. Re3 Kf6 36. Rf3 Kf5 37. Re3 Kg4 38. Re6 Rxg3+ 39. Kd2 Kxf4 40. Rxc6 g5 41. hxg5 h4 42. Rg6 Rxg5 43. Re6 h3 0-1


[Site "https://www.chess.com"]

[Event "Titled Tuesday Blitz January 18 2022"]
[White "Klimciauskas, Domantas"]
[Black "Coto Mederos, Michel"]
[WhiteFideId "12802999"]
[BlackFideId "3508528"]
[WhiteElo "2255"]
[BlackElo "2427"]
[Result "1-0"]
[Round "10"]
[TimeControl "180+1"]
[Date "2022.01.18"]
[WhiteClock "0:01:11"]
[BlackClock "0:00:05"]

1. d4 d5 2. Nf3 Nf6 3. g3 e6 4. Bg2 c5 5. O-O Nc6 6. c4 Be7 7. cxd5 exd5 8. Nc3 O-O 9. dxc5 Bxc5 10. b3 Bg4 11. Bb2 Re8 12. e3 a6 13. h3 Bh5 14. Rc1 Ba7 15. Ne2 Rc8 16. Nf4 Bxf3 17. Qxf3 Ne4 18. Rfd1 Qa5 19. Qg4 g6 20. Nxd5 f5 21. Qh4 Qxa2 22. Nf6+ Nxf6 23. Qxf6 Re7 24. Qh8+ Kf7 25. Qxh7+ Kf8 26. Qh8+ Kf7 27. Qg7+ Ke8 28. Qg8# 1-0


[Site "https://www.chess.com"]

[Event "Titled Tuesday Blitz January 18 2022"]
[White "Klukin, Kirill"]
[Black "Maltsevskaya, Aleksandra"]
[WhiteFideId "24199273"]
[BlackFideId "24174041"]
[WhiteElo "2324"]
[BlackElo "2283"]
[Result "1-0"]
[Round "10"]
[TimeControl "180+1"]
[Date "2022.01.18"]
[WhiteClock "0:01:37"]
[BlackClock "0:01:46"]

1. Nf3 Nf6 2. b3 g6 3. Bb2 Bg7 4. e3 O-O 5. Be2 d6 6. O-O Nbd7 7. d4 e5 8. dxe5 Ng4 9. c4 Ngxe5 10. Nc3 a5 11. Qd2 Re8 12. Rfd1 Nxf3+ 13. Bxf3 h5 14. Nd5 Ne5 15. Be2 Be6 16. Nf4 Bf5 17. Rac1 a4 18. b4 a3 19. Ba1 Qg5 20. Kh1 h4 21. h3 Be4 22. f3 Bc6 23. b5 Bd7 24. Nd5 Qg3 25. Qe1 Rac8 26. f4 c6 27. Qxg3 hxg3 28. Nb6 1-0


[Site "https://www.chess.com"]

[Event "Titled Tuesday Blitz January 18 2022"]
[White "Kornyukov, Alexey"]
[Black "Sadykov, Ramil"]
[WhiteFideId "4150457"]
[BlackFideId "24113590"]
[WhiteElo "2303"]
[BlackElo "2300"]
[Result "0-1"]
[Round "10"]
[TimeControl "180+1"]
[Date "2022.01.18"]
[WhiteClock "0:00:13"]
[BlackClock "0:00:27"]

1. d4 Nf6 2. c4 g6 3. f3 d5 4. cxd5 Nxd5 5. e4 Nb6 6. Nc3 Bg7 7. Be3 O-O 8. Qd2 Nc6 9. O-O-O Na5 10. b3 Nc6 11. h4 a5 12. Bb5 e5 13. Bxc6 bxc6 14. h5 a4 15. hxg6 fxg6 16. dxe5 Qe7 17. Bxb6 cxb6 18. Qd6 Qg5+ 19. Kb1 axb3 20. axb3 Qxe5 21. Qxe5 Bxe5 22. Nge2 Be6 23. Kc2 b5 24. Nd4 Bf7 25. Ra1 Bxd4 26. Rxa8 Rxa8 27. Rd1 Bg7 28. Rd7 h5 29. f4 Ra1 30. e5 Be6 31. Re7 Bf5+ 32. Kb2 Rg1 33. Nd1 Rxd1 34. Kc3 Rd3+ 35. Kb4 Bf8 36. e6 Bxe7+ 37. Ka5 Bxe6 38. Kb6 Rxb3 39. g3 Rxg3 40. Kxc6 Bc4 41. Kd7 Bf8 42. Ke8 Re3+ 43. Kd7 Re4 44. f5 gxf5 45. Kd8 h4 46. Kd7 h3 47. Kc7 h2 48. Kb6 h1=Q 49. Ka5 Qa1+ 50. Kb6 Re6+ 51. Kc7 Qa7+ 52. Kd8 Re8+ 53. Kxe8 Qe7# 0-1


[Site "https://www.chess.com"]

[Event "Titled Tuesday Blitz January 18 2022"]
[White "Koziorowicz, Michal"]
[Black "Golizadeh, Asghar"]
[WhiteFideId "21809194"]
[BlackFideId "12505269"]
[WhiteElo "2166"]
[BlackElo "2403"]
[Result "1-0"]
[Round "10"]
[TimeControl "180+1"]
[Date "2022.01.18"]
[WhiteClock "0:00:20"]
[BlackClock "0:00:01"]

1. e4 c5 2. Nf3 d6 3. Bb5+ Nd7 4. d4 cxd4 5. Qxd4 a6 6. Bxd7+ Bxd7 7. O-O e5 8. Qd3 h6 9. c4 Nf6 10. Nc3 Be7 11. Be3 Rc8 12. b3 O-O 13. Rac1 Bc6 14. Rfd1 b5 15. Nd5 Nxd5 16. cxd5 Bd7 17. Rxc8 Qxc8 18. Rc1 Qb7 19. Nd2 Rc8 20. Rc3 Rxc3 21. Qxc3 f5 22. f3 fxe4 23. fxe4 Bd8 24. Kf1 Be8 25. Ke2 Qd7 26. h3 Bh5+ 27. Kd3 Be8 28. Nf3 g5 29. Nd2 Qb7 30. Nf3 Bd7 31. Qc1 b4 32. Nd2 Bb5+ 33. Nc4 Qf7 34. Qd1 Qg6 35. Qf3 Be7 36. Qf5 Qxf5 37. exf5 Kf8 38. Ke4 Ke8 39. Bd2 Bxc4 40. bxc4 a5 41. Be3 Kd7 42. Bb6 Bd8 43. Bxd8 Kxd8 44. c5 a4 45. f6 b3 46. axb3 a3 47. c6 a2 48. f7 Ke7 49. c7 a1=Q 50. f8=Q+ Kxf8 51. c8=Q+ Kf7 52. Qe6+ Kg7 53. Qe7+ Kg8 54. Kf5 Qf1+ 55. Kg6 Qd3+ 56. Kxh6 1-0


[Site "https://www.chess.com"]

[Event "Titled Tuesday Blitz January 18 2022"]
[White "Krstulovic, Alex"]
[Black "Dauner, Benedikt"]
[WhiteFideId "760056"]
[BlackFideId "16225899"]
[WhiteElo "2193"]
[BlackElo "2230"]
[Result "1-0"]
[Round "10"]
[TimeControl "180+1"]
[Date "2022.01.18"]
[WhiteClock "0:00:54"]
[BlackClock "0:00:08"]

1. e4 c6 2. d4 d5 3. exd5 cxd5 4. Bd3 Nf6 5. Bf4 Bg4 6. Nf3 Nc6 7. c3 e6 8. Nbd2 Bd6 9. Bxd6 Qxd6 10. Qe2 O-O 11. O-O Rfe8 12. Rae1 Rab8 13. Qe3 Bf5 14. Bb5 Nd7 15. Nh4 Bc2 16. f4 g6 17. Rf3 a6 18. Bd3 Bxd3 19. Qxd3 Qe7 20. Rh3 Qf6 21. Rf1 Nf8 22. Ndf3 b5 23. Ne5 Rbc8 24. Ng4 Qg7 25. Nh6+ Qxh6 26. Nf5 Qxh3 27. Qxh3 exf5 28. g4 fxg4 29. Qxg4 f5 30. Qg3 Re4 31. Re1 Rce8 32. Rxe4 Rxe4 33. Qg5 Kf7 34. h4 Ne7 35. h5 Ne6 36. Qh6 Nf8 37. a4 Ng8 38. Qg5 Nf6 39. axb5 axb5 40. Qh4 Nxh5 41. Qd8 Nxf4 42. Qb8 Ne2+ 43. Kf2 f4 44. Qxb5 g5 45. Qxd5+ Ne6 46. Qxe4 Ng3 47. Qxh7+ Kf6 48. d5 Ng7 49. d6 N3f5 50. d7 Ke7 51. Qg6 Kxd7 52. Qxg5 Ke6 53. c4 f3 54. Kxf3 Nd4+ 55. Ke4 Ndf5 56. Qg6+ Kd7 57. Qxf5+ Nxf5 58. Kxf5 Kc6 59. b3 Kc5 60. Ke5 Kb4 61. Kd5 Kxb3 62. c5 1-0


[Site "https://www.chess.com"]

[Event "Titled Tuesday Blitz January 18 2022"]
[White "Kucuksari, Kaan"]
[Black "Pranav, V"]
[WhiteFideId "6380166"]
[BlackFideId "25060783"]
[WhiteElo "2305"]
[BlackElo "2349"]
[Result "0-1"]
[Round "10"]
[TimeControl "180+1"]
[Date "2022.01.18"]
[WhiteClock "0:00:02"]
[BlackClock "0:01:03"]

1. d4 Nf6 2. c4 e6 3. g3 c5 4. d5 exd5 5. cxd5 d6 6. Nc3 a6 7. a4 Be7 8. Bg2 O-O 9. Nf3 Nbd7 10. O-O Rb8 11. Qd3 Re8 12. Bf4 Bf8 13. Rab1 g6 14. b4 cxb4 15. Rxb4 Nc5 16. Qd2 Bf5 17. Nd4 Nfe4 18. Nxe4 Bxe4 19. Nf3 a5 20. Rc4 b5 21. Rxc5 dxc5 22. Bxb8 Qxb8 23. Qxa5 b4 24. Nd2 Bxg2 25. Kxg2 Rxe2 26. Nc4 Rc2 27. Ne3 Rc3 28. Rb1 Qe5 29. Re1 b3 30. Re2 b2 31. Qb5 Qe4+ 32. f3 b1=Q 33. fxe4 Qxe4+ 34. Kf2 Qh1 35. a5 Qxh2+ 36. Ke1 Qg1+ 37. Nf1 Rc1+ 38. Kd2 Qxf1 39. a6 Qd1+ 40. Ke3 Qd4+ 41. Kf3 Qxd5+ 42. Kf2 Qf5+ 43. Ke3 Bh6# 0-1


[Site "https://www.chess.com"]

[Event "Titled Tuesday Blitz January 18 2022"]
[White "Lauridsen, Jesper Morch"]
[Black "Liyanage, Ranindu Dilshan"]
[WhiteFideId "1401890"]
[BlackFideId "9915834"]
[WhiteElo "2223"]
[BlackElo "1858"]
[Result "0-1"]
[Round "10"]
[TimeControl "180+1"]
[Date "2022.01.18"]
[WhiteClock "0:00:04"]
[BlackClock "0:00:47"]

1. e4 c5 2. Nf3 d6 3. d4 cxd4 4. Nxd4 Nf6 5. Nc3 a6 6. Bc4 e6 7. a3 Nbd7 8. Bxe6 fxe6 9. Nxe6 Qa5 10. Bd2 Qb6 11. Nd5 Nxd5 12. exd5 Nc5 13. Nxf8 Rxf8 14. Qh5+ g6 15. Qe2+ Kf7 16. b4 Ne4 17. Be3 Qc7 18. O-O Kg8 19. Bh6 Re8 20. Rae1 Bf5 21. g4 Nf6 22. gxf5 Rxe2 23. Rxe2 Qc4 24. Rfe1 gxf5 25. Re7 Qg4+ 26. Kh1 Qf3+ 27. Kg1 Ne4 28. Rg7+ Kh8 29. Rg2 Rg8 30. Rxg8+ Kxg8 31. Be3 f4 32. Bd4 Qg4+ 33. Kf1 f3 34. Be3 Qg2# 0-1


[Site "https://www.chess.com"]

[Event "Titled Tuesday Blitz January 18 2022"]
[White "Lehtosaari, Mauri"]
[Black "Havanecz, Bianka"]
[WhiteFideId "501999"]
[BlackFideId "704814"]
[WhiteElo "2484"]
[BlackElo "2342"]
[Result "1-0"]
[Round "10"]
[TimeControl "180+1"]
[Date "2022.01.18"]
[WhiteClock "0:00:18"]
[BlackClock "0:00:11"]

1. d4 c6 2. Nf3 d5 3. Bg5 Nh6 4. Nbd2 Nf5 5. c3 h6 6. Bf4 e6 7. e4 dxe4 8. Nxe4 Nd7 9. g4 Nh4 10. Nd6+ Bxd6 11. Bxd6 Nxf3+ 12. Qxf3 Qf6 13. Qe2 b6 14. Bg2 Bb7 15. O-O-O O-O-O 16. h4 Rde8 17. Rde1 Rhg8 18. f4 Nb8 19. Qc4 Rd8 20. Be5 Qe7 21. f5 Rge8 22. Bg3 Qd7 23. fxe6 Rxe6 24. Rxe6 Qxe6 25. Qxe6+ fxe6 26. Rf1 c5 27. Bxb7+ Kxb7 28. dxc5 bxc5 29. Bxb8 Kxb8 30. Rf7 g5 31. hxg5 hxg5 32. Rg7 Rd5 33. Kc2 Re5 34. Kd3 a5 35. Kc4 a4 36. b3 axb3 37. axb3 Kc8 38. Kb5 Kd8 39. Kc6 Re4 40. Kd6 Ke8 41. Rxg5 Kf7 42. Rxc5 Rxg4 43. b4 Kf6 44. b5 Rg1 45. b6 Rd1+ 46. Kc7 Rb1 47. c4 e5 48. b7 Kf5 49. Rc6 e4 50. Rb6 Rxb6 51. Kxb6 e3 52. b8=Q e2 53. Qe8 1-0


[Site "https://www.chess.com"]

[Event "Titled Tuesday Blitz January 18 2022"]
[White "Leitao, Rafael"]
[Black "Odegov, Artem"]
[WhiteFideId "2101246"]
[BlackFideId "34183644"]
[WhiteElo "2609"]
[BlackElo "2277"]
[Result "0-1"]
[Round "10"]
[TimeControl "180+1"]
[Date "2022.01.18"]
[WhiteClock "0:00:02"]
[BlackClock "0:00:28"]

1. d4 Nf6 2. c4 c5 3. d5 e6 4. Nc3 exd5 5. cxd5 g6 6. Nf3 Bg7 7. g3 O-O 8. Bg2 d6 9. O-O Bg4 10. h3 Bxf3 11. Bxf3 Nbd7 12. Bg2 Re8 13. Qc2 Qe7 14. Bd2 Rab8 15. a4 Nb6 16. b3 Nh5 17. Rfe1 Nd7 18. Rab1 a6 19. b4 cxb4 20. Rxb4 Rec8 21. Qe4 Qf8 22. Na2 Nc5 23. Qb1 Nf6 24. e4 Nfd7 25. f4 Qd8 26. Kh2 h5 27. e5 dxe5 28. f5 Nf8 29. Rf1 h4 30. Rxh4 e4 31. Bxe4 Nxe4 32. Qxe4 b5 33. Bh6 Rc4 34. Qe3 Rxh4 35. gxh4 Qd6+ 36. Bf4 Qb6 37. f6 Bh8 38. Qxb6 Rxb6 39. Bg5 bxa4 40. Nc3 a3 41. Ra1 Rb3 42. Ne4 Nd7 43. Rc1 Rb8 44. Rc3 a2 45. Ra3 Rb2+ 46. Kg3 Rb3+ 47. Rxb3 a1=Q 48. Rc3 Kh7 49. Rc7 Qe5+ 50. Bf4 Qxe4 51. Rxd7 Qd3+ 52. Kg2 Qc2+ 53. Kg3 Qc3+ 54. Kg2 Qxf6 55. d6 Qxf4 0-1


[Site "https://www.chess.com"]

[Event "Titled Tuesday Blitz January 18 2022"]
[White "Logozar, Elijah"]
[Black "Cori T., Deysi"]
[WhiteFideId "30963788"]
[BlackFideId "3801934"]
[WhiteElo "2426"]
[BlackElo "2350"]
[Result "0-1"]
[Round "10"]
[TimeControl "180+1"]
[Date "2022.01.18"]
[WhiteClock "0:02:07"]
[BlackClock "0:01:39"]

1. e4 g6 2. d4 Bg7 3. Nc3 d6 4. f4 c6 5. Nf3 b5 6. e5 Qc7 7. Bd3 Nh6 8. O-O O-O 9. Ne4 c5 10. c3 b4 11. Nfg5 bxc3 12. bxc3 cxd4 13. cxd4 Nc6 14. Be3 Nf5 15. Bf2 Ncxd4 16. Bxd4 Nxd4 17. Qe1 dxe5 18. Qh4 h6 19. g4 Qb6 20. Kh1 Bb7 21. f5 hxg5 22. Qxg5 Qf6 23. Qe3 Rac8 24. Kg1 Qh4 0-1


[Site "https://www.chess.com"]

[Event "Titled Tuesday Blitz January 18 2022"]
[White "Martin Duque, Jesus"]
[Black "Ruiz Aguilar, Pablo Alexander"]
[WhiteFideId "2208954"]
[BlackFideId "4401352"]
[WhiteElo "2243"]
[BlackElo "2125"]
[Result "0-1"]
[Round "10"]
[TimeControl "180+1"]
[Date "2022.01.18"]
[WhiteClock "0:00:18"]
[BlackClock "0:00:48"]

1. Nf3 Nf6 2. d4 d5 3. c4 c6 4. cxd5 cxd5 5. Nc3 Nc6 6. Bf4 a6 7. Rc1 Bf5 8. e3 e6 9. Qb3 Ra7 10. Ne5 Nxe5 11. Bxe5 Nd7 12. Bg3 Be7 13. Be2 O-O 14. O-O b5 15. a4 b4 16. Na2 a5 17. Rc6 Nb6 18. Rfc1 Nc4 19. Bxc4 dxc4 20. Qxc4 Be4 21. Rc8 Qd7 22. b3 Bd5 23. Rxf8+ Bxf8 24. Qc2 h5 25. e4 Ba8 26. Rd1 Ra6 27. Nc1 Rc6 28. Qe2 Rc3 29. d5 exd5 30. Qxh5 d4 31. Ne2 d3 32. Nf4 Bxe4 33. Qxa5 d2 34. Ne2 Rxb3 35. Qg5 Rb1 0-1


[Site "https://www.chess.com"]

[Event "Titled Tuesday Blitz January 18 2022"]
[White "Milchev, Nikolay"]
[Black "Seo, Jung Min"]
[WhiteFideId "2906090"]
[BlackFideId "1734687"]
[WhiteElo "2449"]
[BlackElo "2401"]
[Result "0-1"]
[Round "10"]
[TimeControl "180+1"]
[Date "2022.01.18"]
[WhiteClock "0:00:54"]
[BlackClock "0:00:40"]

1. Nf3 Nf6 2. c4 e6 3. g3 b6 4. Bg2 Bb7 5. O-O c5 6. Nc3 Be7 7. e3 O-O 8. Qe2 Nc6 9. b3 d6 10. Bb2 Qc7 11. Rac1 Rad8 12. Rfd1 Qb8 13. d4 cxd4 14. exd4 d5 15. cxd5 Nxd5 16. Nxd5 Rxd5 17. Ne5 Nxe5 18. Bxd5 Bxd5 19. dxe5 Qb7 20. Rxd5 Qxd5 21. Rc7 Bc5 22. Rxa7 Rd8 23. Bc3 h6 24. b4 Bf8 25. h4 Rc8 26. Ra3 Rc4 27. Rb3 b5 28. Qd2 Qf3 29. Bd4 Qe4 30. Bc5 Bxc5 31. bxc5 Rxc5 32. Re3 Qc6 33. Re1 Rc2 34. Qd8+ Kh7 35. Qd3+ g6 36. h5 Rxa2 37. hxg6+ fxg6 38. Qd8 Ra7 39. Rb1 Rf7 40. Qd4 Rb7 41. Rb3 Rd7 42. Qf4 Rd1+ 0-1


[Site "https://www.chess.com"]

[Event "Titled Tuesday Blitz January 18 2022"]
[White "Mokshanov, Alexey"]
[Black "Kanyamarala, Tarun"]
[WhiteFideId "24121657"]
[BlackFideId "45004714"]
[WhiteElo "2141"]
[BlackElo "2144"]
[Result "1-0"]
[Round "10"]
[TimeControl "180+1"]
[Date "2022.01.18"]
[WhiteClock "0:00:20"]
[BlackClock "0:00:29"]

1. e4 c5 2. Nf3 Nc6 3. Bb5 e6 4. Bxc6 bxc6 5. d3 Ne7 6. O-O d6 7. e5 Nf5 8. exd6 Bxd6 9. Nc3 O-O 10. b3 e5 11. Ne4 Be7 12. a4 Qd5 13. Ba3 Rd8 14. c4 Qe6 15. Bxc5 Bxc5 16. Nxc5 Qg6 17. Qe2 f6 18. Qe4 Rd6 19. Rad1 Rb8 20. Rfe1 a5 21. d4 Nxd4 22. Nxd4 Qxe4 23. Rxe4 Rxd4 24. Rdxd4 exd4 25. Rxd4 Bf5 26. g4 Bc2 27. Rd2 Bg6 28. f4 h5 29. h3 hxg4 30. hxg4 Ra8 31. Kf2 Re8 32. Rd6 f5 33. Rxg6 1-0


[Site "https://www.chess.com"]

[Event "Titled Tuesday Blitz January 18 2022"]
[White "Moreira, Ronaldo Alonso"]
[Black "Zhuravlev, Alexey"]
[WhiteFideId "2110547"]
[BlackFideId "4164199"]
[WhiteElo "2037"]
[BlackElo "2539"]
[Result "0-1"]
[Round "10"]
[TimeControl "180+1"]
[Date "2022.01.18"]
[WhiteClock "0:00:01"]
[BlackClock "0:00:12"]

1. d4 Nf6 2. c4 g6 3. Nc3 Bg7 4. e4 d6 5. Nf3 O-O 6. h3 e5 7. d5 Nh5 8. g3 a5 9. Be3 Na6 10. Be2 f5 11. exf5 gxf5 12. Nh4 f4 13. Bd2 fxg3 14. Bxh5 gxf2+ 15. Kf1 Qxh4 16. Bg4 Nc5 17. Bxc8 Qxc4+ 18. Qe2 Qxe2+ 19. Kxe2 Raxc8 20. Raf1 Rf5 21. Rxf2 Rxf2+ 22. Kxf2 Nd3+ 23. Ke2 Nxb2 24. Rb1 Nc4 25. Rxb7 e4 26. Nxe4 Re8 27. Kd3 Rxe4 28. Kxe4 Nxd2+ 29. Kd3 Nf3 30. Rxc7 h5 31. Ra7 Ng5 32. h4 Nf3 33. Rxa5 Nxh4 34. Ra6 Be5 35. Ra7 Nf5 36. Ke4 Nd4 37. a4 h4 38. Rb7 h3 39. a5 h2 40. Rb1 Nb3 41. a6 Nd2+ 42. Kd3 Nxb1 43. a7 h1=Q 44. a8=Q+ Kf7 45. Qb7+ Kf6 46. Qd7 Qd1+ 47. Kc4 Qc2+ 48. Kb5 Na3+ 49. Ka6 Qc4+ 0-1


[Site "https://www.chess.com"]